 Dungeon Crawl Stone Soup version 0.28.0-43-g3370ac3207 (webtiles) character file.

Game seed: 6486154952060634199

116 adizb the Skirmisher (level 5, 0/43 HPs)
             Began as a Human Monk on Mar 7, 2022.
             Slain by a gnoll
             ... wielding a +0 halberd
              (9 damage)
             ... on level 3 of the Dungeon.
             The game lasted 00:07:50 (1511 turns).

adizb the Skirmisher (Human Monk)                   Turns: 1511, Time: 00:07:51

Health: 0/43       AC: 10    Str: 13    XL:     5   Next: 20%
Magic:  5/5        EV:  4    Int: 11    God:
Gold:   82         SH:  0    Dex: 15    Spells: 4/4 levels left

rFire   . . .      SeeInvis .   a - +0 hand axe
rCold   . . .      Faith    .   (no shield)
rNeg    . . .      Spirit   .   h - +0 plate armour
rPois   .          Reflect  .   (no helmet)
rElec   +          Harm     .   (no cloak)
rCorr   .          Rampage  .   (no gloves)
Will    .....                   (no boots)
Stlth   ..........              (no amulet)
HPRegen 0.94/turn               (no ring)
MPRegen 0.09/turn               (no ring)

@: no status effects
A: regeneration 1, electricity resistance
a: no special abilities


You were on level 3 of the Dungeon.
You visited 1 branch of the dungeon, and saw 3 of its levels.

You collected 82 gold pieces.

Inventory:

Hand Weapons
 a - a +0 hand axe (weapon)
Armour
 h - a +0 plate armour (worn)
Scrolls
 i - a scroll of noise {unknown}
Potions
 b - a potion of attraction {unknown}
 c - a potion of heal wounds
 e - a potion of might {unknown}
 f - a potion of curing
 g - a potion of ambrosia {unknown}


   Skills:
 * Level 4.4 Fighting
 - Level 3.0 Axes
 + Level 2.0 Armour
 + Level 3.7 Dodging
 - Level 2.0 Stealth


You had 4 spell levels left.
You didn't know any spells.
Your spell library was empty.

Dungeon Overview and Level Annotations

Branches:
Dungeon (3/15)

Altars:


Innate Abilities, Weirdness & Mutations

Your natural rate of healing is unusually fast.
You are resistant to electric shocks. (rElec)


Message History

The gnoll hits you with a +0 club.
You have reached level 5!
You closely miss the gnoll.
The gnoll is moderately wounded.
The gnoll hits you from afar with a +0 halberd.
The gnoll hits you with a +0 club.
The gnoll hits you from afar with a +0 halberd.
You hit the gnoll.
The gnoll is heavily wounded.
The gnoll hits you but does no damage. x2
You hit the gnoll but do no damage.
The gnoll is heavily wounded.
The gnoll hits you but does no damage. The gnoll barely misses you.
The gnoll hits you with a +0 club.
You hit the gnoll. Your punch misses the gnoll.
The gnoll is severely wounded.
The gnoll hits you from afar with a +0 halberd.
The gnoll barely misses you.
You barely miss the gnoll.
The gnoll is severely wounded.
The gnoll hits you from afar with a +0 halberd!
* * * LOW HITPOINT WARNING * * *
The gnoll barely misses you.
You hit the gnoll.
You kill the gnoll!
Your Armour skill increases to level 2!
The gnoll barely misses you.
Things that are here:
a +0 club; a gnoll corpse You hit the gnoll.
The gnoll is heavily wounded.
The gnoll hits you with a +0 halberd! The gnoll hits you but does no damage.
You hit the gnoll.
The gnoll is severely wounded.
The gnoll hits you with a +0 halberd.
* * * LOW HITPOINT WARNING * * *
You hit the gnoll.
The gnoll is almost dead.
The gnoll hits you with a +0 halberd!
You die...

################
#.........@g...#
#.############.#
#.# #.# #.# #g#
#.# #.# #.# #.#
#.# #.# #.# #.#
#.# #.###


You could see a gnoll.

Vanquished Creatures
  2 gnolls (D:3)
  3 adders
  An adder skeleton (D:3)
  2 dart slugs
  An orc (D:3)
  3 ball pythons
  6 bats
  5 endoplasms
  4 giant cockroaches
  7 goblins
  6 hobgoblins
  4 jackals (D:1)
  6 kobolds
  A quokka (D:3)
  2 frilled lizards
  4 rats
57 creatures vanquished.

Notes
Turn   | Place    | Note
-------+----------+-------------------------------------------
     0 | D:1      | adizb the Human Monk began the quest for the Orb.
     0 | D:1      | Reached XP level 1. HP: 18/18 MP: 1/1
   159 | D:1      | Reached XP level 2. HP: 20/24 MP: 2/2
   389 | D:1      | Reached skill level 1 in Armour
   389 | D:1      | Reached XP level 3. HP: 23/29 MP: 3/3
   493 | D:1      | You fall into a shaft and drop 1 floor!
   688 | D:1      | Gained mutation: You are resistant to electric shocks.
                  | (rElec) [potion of mutation]
   688 | D:1      | Gained mutation: Your natural rate of healing is unusually
                  | fast. [potion of mutation]
   841 | D:2      | Reached skill level 4 in Fighting
   841 | D:2      | Reached XP level 4. HP: 27/37 MP: 4/4
  1488 | D:3      | Reached XP level 5. HP: 20/43 MP: 5/5
  1511 | D:3      | Slain by a gnoll

Illustrated notes

Levels and vault maps discovered:
D:1:      scummos_arrival_simple_fountains, layout_basic
D:2:      layout_rooms
D:3:      layout_basic

Skill      XL: |  1  2  3  4  5 |
---------------+----------------+-----
Armour         | 1 2 |  2.0
Fighting       | 4 |  4.4
Axes           | |  3.0
Dodging        | |  3.7
Stealth        | |  2.0

Action                   |  1- 3 |  4- 6 || total
-------------------------+-------+-------++-------
Melee: Hand axe          |   109 |    90 ||   199
       Punch             |       |     1 ||     1
  Use: Scroll            |     2 |     2 ||     4
       Potion            |     1 |       ||     1
 Stab: Sleeping          |     8 |     1 ||     9
Armor: Robe              |    29 |       ||    29
       Leather armour    |     3 |     9 ||    12
       Plate armour      |       |     8 ||     8
Dodge: Dodged            |    95 |    60 ||   155
